 Seeded DCSS version 0.29-a0-775-g4d7333d4e2 (webtiles) character file.

Game seed: 3138460655434391889 (custom seed)

37 zeratav the Ruffian (level 3, -2/36 HPs)
             Began as a Troll Fighter on July 1, 2022.
             Killed from afar by a white imp (8 damage)
             ... with a puff of frost
             ... summoned by Natasha
             ... on level 2 of the Dungeon.
             The game lasted 00:01:29 (1216 turns).

zeratav the Ruffian (Troll Fighter)                 Turns: 1216, Time: 00:01:30

Health: -2/36      AC:  4    Str: 26    XL:     3   Next: 23%
Magic:  2/2        EV:  8    Int:  4    God:
Gold:   139        SH:  7    Dex:  9    Spells: 2/2 levels left

rFire   . . .      SeeInvis .     - Unarmed
rCold   . . .      Faith    .   b - +0 kite shield
rNeg    . . .      Spirit   .   a - +0 robe
rPois   .          Reflect  .   (helmet restricted)
rElec   .          Harm     .   (no cloak)
rCorr   .          Rampage  .   (gloves unavailable)
Will    .....                   (boots unavailable)
Stlth   +.........              (no amulet)
HPRegen 0.92/turn               (no ring)
MPRegen 0.08/turn               (no ring)

@: no status effects
A: large, unfitting armour, claws 3, regeneration 1, shaggy fur 1, tough skin 1
a: no special abilities


You were on level 2 of the Dungeon.
You visited 1 branch of the dungeon, and saw 2 of its levels.

You collected 139 gold pieces.


Innate Abilities, Weirdness & Mutations

You are too large for most types of armour.
You have claws for hands.
Your natural rate of healing is unusually fast.
You are covered in fur. (AC +1)
You have tough skin. (AC +1)


   Skills:
 + Level 2.5 Fighting
 + Level 0.7 Throwing
 - Level 2.4 Dodging
 + Level 2.9 Shields
 + Level 3.1 Unarmed Combat


You had 2 spell levels left.
You didn't know any spells.
Your spell library contained the following spells:

 Spells                   Type           Power      Damage    Failure   Level
 Hailstorm                Conj/Ice       0%         3d3       100%        4
 Ice Form                 Ice/Tmut       0%         N/A       100%        4
 Simulacrum               Ice/Necr       0%         N/A       100%        6

Inventory:

Hand Weapons
 h - a +0 sling
   (You found it on level 1 of the Dungeon)
Armour
 a - a +0 robe (worn)
 b - a +0 kite shield (worn)
 k - a +0 cloak
   (You found it on level 1 of the Dungeon)
Jewellery
 e - an amulet of faith {!P}
   (You found it on level 1 of the Dungeon)
Wands
 l - a wand of mindburst (14)
   (You found it on level 2 of the Dungeon)
Scrolls
 f - a scroll of fear {unknown}
 g - 2 scrolls of identify {unknown}
 i - a scroll of noise {unknown}
Potions
 c - 2 potions of might
 d - a potion of attraction {unknown}
 j - a potion of cancellation {unknown}

Dungeon Overview and Level Annotations

Branches:
Dungeon (2/15) Zot: 10772

Altars:
Makhleb
Uskayaw

Shops:
D:1 ![

Annotations:
D:2 Natasha, Sigmund

#### #... #...
#..##### ###
#..##@.# ..#
#..#ยง##.# #.#
#5h5## .. #.#
###.{## g.# ### #.#
#....# .#
...##.####.##)# #
##...>.....##h#
...........##5#
#####....{5...######


You could see Natasha, a white imp (summoned) and a hobgoblin (wandering).


Message History

The adder bites you but does no damage.
You feel sick. Natasha claws you but does no damage.
The crimson imp blinks!
Sigmund hits you with a +1 vorpal scythe!
* * * LOW HITPOINT WARNING * * *
x2 HP[-15]
You take 15 damage, and now have 7/29 hp.
MASSIVE DAMAGE!! (PAUSE)
The shadow imp attacks as you move away!
You block the shadow imp's attack.
You feel sick.
You are no longer poisoned.
Natasha stares at you and mumbles some strange words.
The magic dart hits you.
* * * LOW HITPOINT WARNING * * *
The crimson imp hits you but does no damage.
You block the adder's attack.
HP[-6]
You take 6 damage, and now have 1/29 hp.
MASSIVE DAMAGE!! (PAUSE)
The crimson imp disappears in a puff of smoke!
HP[+1] HP[+1]
The adder attacks as you move away! You block the adder's attack.
Natasha barely misses you. Natasha attacks as you move away!
You block Natasha's attack. The adder closely misses you.
HP[+1]
The adder attacks as you move away! The adder misses you.
HP[+1] Sigmund gestures wildly while chanting.
Sigmund flickers and vanishes!
Deactivating autopickup; reactivate with Ctrl-A.
HP[+1]
The adder barely misses you.
HP[+1]
The adder attacks as you move away! The adder misses you.
Things that are here:
a +0 mace {mace}; an orc corpse; HP[+1] HP[+1] Natasha mewls in sadness.
Natasha mumbles some strange words.
The adder barely misses you.
HP[+1]
The adder attacks as you move away! The adder bites you but does no damage.
HP[+1]
You see here 10 gold pieces.
HP[+1]
You now have 139 gold pieces (gained 10).
You block the adder's attack.
You claw the adder! You block the adder's attack. The adder bites you.
* * * LOW HITPOINT WARNING * * *
HP[-1]
You take 1 damage, and now have 11/29 hp.
You miss the adder. The adder bites you.
* * * LOW HITPOINT WARNING * * *
Natasha hisses.
You scratch the adder but do no damage. The adder misses you.
The adder bites you.
* * * LOW HITPOINT WARNING * * *
You scratch the adder.
You kill the adder!
You have reached level 3!
Your experience leads to an increase in your attributes!
Increase (S)trength, (I)ntelligence, or (D)exterity?
You feel stronger. x3
HP[+4] MP[+1]
You now have 36 max hp (+7).
You regained 4 hp, and now have 15/36 hp.
Your mp is fully restored (2).
The shadow imp hits you but does no damage.
HP[+1]
The shadow imp closely misses you.
HP[+1]
You block something's attack. You block the shadow imp's attack.
HP[+1]
The shadow imp hits you but does no damage.
Something hits you.
* * * LOW HITPOINT WARNING * * *
x2 HP[-3]
You take 3 damage, and now have 15/36 hp.
The shadow imp hits you.
* * * LOW HITPOINT WARNING * * *
HP[-1]
You take 1 damage, and now have 14/36 hp.
The shadow imp disappears in a puff of smoke!
Something hits you!
* * * LOW HITPOINT WARNING * * *
x2 Natasha mumbles some strange words.
HP[-8]
You take 8 damage, and now have 6/36 hp.
MASSIVE DAMAGE!! (PAUSE) Natasha hisses.
Something hits you.
* * * LOW HITPOINT WARNING * * *
x2 The white imp closely misses you.
HP[-1]
You take 1 damage, and now have 5/36 hp.
A hobgoblin comes into view.
The white imp gestures at you. The puff of frost hits you!
You die...

Skill      XL: |  1  2 |
---------------+-------+-----
Unarmed Combat | 3 |  3.1
Fighting       | |  2.5
Throwing       | |  0.7
Dodging        | |  2.4
Shields        | |  2.9

Action                   || total
-------------------------++-------
Melee: Unarmed           ||    93
 Stab: Sleeping          ||     1
Armor: Robe              ||    44
Dodge: Dodged            ||    35
Block: Kite shield       ||    42

Levels and vault maps discovered:
D:1:      dpeg_arrival_water_altar, layout_basic, serial_shops, shop, shop,
          shop, serial_curves, eino_curves_02, eino_curves_02
D:2:      layout_loops_ring, basic_altar,
          shapermc_ecumenical_altar_mp_highgroup,
          chequers_serial_rivers_small_b, guppyfry_early_orc_mine, uniq_jessica,
          uniq_sigmund, uniq_natasha, uniq_terence

Notes
Turn   | Place    | Note
-------+----------+-------------------------------------------
     0 | D:1      | zeratav the Troll Fighter began the quest for the Orb.
     0 | D:1      | Reached XP level 1. HP: 22/22 MP: 0/0
     0 | D:1      | magus.rc [v1.9.6]
    53 | D:1      | Found Pualet's Armour Boutique.
   199 | D:1      | Found Ysunot's Armour Emporium.
   244 | D:1      | Reached XP level 2. HP: 28/29 MP: 1/1
   386 | D:1      | Reached skill level 3 in Unarmed Combat
   444 | D:1      | You pick up a book of the Tundra and begin reading...
   444 | D:1      | You add the spells Hailstorm, Ice Form and Simulacrum to
                  | your library.
   663 | D:1      | Found Diofukk's Distillery.
   996 | D:1      | Found a burning altar of Makhleb.
  1088 | D:2      | Found a hide-covered altar of Uskayaw.
  1179 | D:2      | Noticed Sigmund
  1182 | D:2      | Noticed Natasha
  1184 | D:2      | Noticed a crimson imp
  1190 | D:2      | HP: 7/29 [Sigmund/+1 vorpal scythe (4)]
  1191 | D:2      | HP: 1/29 [Natasha/magic dart (6)]
  1209 | D:2      | Reached XP level 3. HP: 15/36 MP: 2/2
  1214 | D:2      | HP: 8/36 [something (7)]
  1216 | D:2      | Killed from afar by a white imp

Vanquished Creatures
  An adder (D:2)
  An orc (D:2)
  5 endoplasms
  4 giant cockroaches (D:1)
  2 hobgoblins
  2 kobolds
  4 ball pythons
  4 bats
  2 frilled lizards (D:1)
25 creatures vanquished.

Table legend:
 A = Non-vault XP
 B = Vault XP
 C = Vault XP percentage of total XP
 D = Non-vault monster count
 E = Vault monster count
 F = Vault count percentage of total count
                 A         B        C        D         E       F
            +---------+---------+-------+---------+---------+-------
      Total |      51 |       3 |   5.6 |      24 |       1 |   4.0
            +---------+---------+-------+---------+---------+-------
        D:1 |      24 |       0 |   0.0 |      15 |       0 |   0.0
        D:2 |      27 |       3 |  10.0 |       9 |       1 |  10.0
            +---------+---------+-------+---------+---------+-------

Illustrated notes

Table legend:
 A = Kills in this place as a percentage of kills in entire the game.
 B = Kills by you in this place as a percentage of kills by you in the entire game.
 C = Kills by friends in this place as a percentage of kills by friends in the entire game.
 D = Other kills in this place as a percentage of other kills in the entire game.
 E = Experience gained in this place as a percentage of experience gained in the entire game.
 F = Experience gained in this place divided by the number of levels of this place that you have seen.
                   A       B       C       D       E      F
               +-------+-------+-------+-------+-------+----------------------
         Total | 100.0 | 100.0 |   N/A |   N/A | 100.0 |  27.0
       Dungeon | 100.0 | 100.0 |   N/A |   N/A | 100.0 |  27.0
               +-------+-------+-------+-------+-------+----------------------

Table legend: (Time is in decaauts)
 A = Elapsed time spent in this place.
 B = Non-inter-level travel time spent in this place.
 C = Inter-level travel time spent in this place.
 D = Time resting spent in this place.
 E = Time spent auto-exploring this place.
 F = Levels seen in this place.
 G = Mean time per level.
                   A        B        C        D        E       F      G
               +--------+--------+--------+--------+--------+-----+--------+
         Total |   1226 |   1206 |     20 |      0 |    983 |   2 |  613.0 |
       Dungeon |   1226 |   1206 |     20 |      0 |    983 |   2 |  613.0 |
               +--------+--------+--------+--------+--------+-----+--------+

Top non-repeatable levels by time:
     D:1: 1030 daAuts
     D:2: 196 daAuts
